 Dungeon Crawl Stone Soup version bcrawl-1.32 (webtiles) character file.

Game seed: 14862266689816311847

346629 Morbidden the Slinger (level 11, -6/86 HPs)
             Began as a Demonspawn Archaeologist on June 22, 2021.
             Was a Priest of Vehumet.
             Shot with a bolt by an orc warrior (20 damage)
             ... in the Orcish Mines.
             The game lasted 00:18:25 (12175 turns).

Morbidden the Slinger (Demonspawn Archaeologist)   Turns: 12175, Time: 00:18:25

Health: -6/86      AC: 11    Str: 16    XL:     11   Next: 69%
Magic:  18/18      EV: 13    Int: 15    God:    Vehumet [***...]
Gold:   896        SH:  0    Dex: 11    Spells: 19/20 levels left

rFire    . . .     SeeInvis .     - Claws (17.6)
rCold    . . .     Gourm    .   (no shield)
rNeg     . . .     Faith    .   A - +1 chain mail
rPois    .         Spirit   .   d - +1 hat
rElec    .         Reflect  .   (no cloak)
rCorr    .         Harm     .   (no gloves)
MR       +....                  (no boots)
Stlth    ..........             (no amulet)
HPRegen  0.24/turn              C - +4 ring of evasion
MPRegen  0.16/turn              l - ring of protection from magic

@: no status effects
A: claws 1, hooves 2, horns 2, demonic guardian 2, spiny 2
a: Renounce Religion


You were in the Orcish Mines.
You worshipped Vehumet.
Vehumet was most pleased with you.
You were not hungry.

You visited 3 branches of the dungeon, and saw 12 of its levels.

You collected 896 gold pieces.

Inventory:

Hand Weapons
 b - a +1 hunting sling of velocity
 t - a +1 dagger of venom
 u - a +0 blowgun
Missiles
 f - 6 curare-tipped needles
 j - 522 poisoned needles
 v - 560 sling bullets
 x - a throwing net {=f}
 z - 375 poisoned tomahawks (quivered)
 B - 81 javelins
Armour
 d - a +1 hat (worn)
 A - a +1 chain mail (worn)
 S - a +0 troll leather armour
Jewellery
 l - a ring of protection from magic (right claw)
 y - an uncursed ring of flight
 C - a +4 ring of evasion (left claw)
 D - an uncursed ring of ice
 G - an uncursed ring of poison resistance
 V - an uncursed ring of see invisible
Wands
 h - a wand of clouds (9)
 p - a wand of polymorph (7)
 F - a wand of flame (19)
 I - a wand of paralysis (8)
 N - a wand of digging (10)
 T - a wand of iceblast (13)
Scrolls
 g - 3 scrolls of magic mapping
 i - 7 scrolls of identify
 n - 5 scrolls of teleportation
 w - a scroll of noise
 E - 3 scrolls of remove curse
 H - a scroll of immolation {unknown}
 J - a scroll of amnesia
 Q - a scroll of blinking {unknown}
Potions
 a - a potion of ambrosia
 c - a potion of agility
 k - a potion of mutation {unknown}
 o - a potion of curing
 q - a potion of brilliance {unknown}
 r - a potion of invisibility {unknown}
 s - 3 potions of degeneration {unknown}
 K - 2 potions of magic {unknown}
 L - 2 potions of heal wounds {unknown}
 M - 2 potions of lignification {unknown}
 P - a potion of might {unknown}
 R - a potion of haste
 W - 2 potions of resistance
Miscellaneous
 O - a lamp of fire
Comestibles
 e - 24 rations {!d}


   Skills:
 * Level 8.1 Fighting
   Level 1.0 Maces & Flails
 + Level 8.2(8.3) Slings
 + Level 1.4(5.4) Throwing
 + Level 4.3 Armour
 * Level 6.9 Dodging
 + Level 3.7 Stealth
 * Level 8.2 Unarmed Combat
 * Level 5.2 Spellcasting
 * Level 3.6 Conjurations
 + Level 0.1 Evocations


You had 19 spell levels left.
You knew the following spells:

 Your Spells              Type           Power        Failure   Level  Hunger
a - Magic Dart            Conj           ##..         16%         1    None

Your spell library contained the following spells:

 Spells                   Type           Power        Failure   Level  Hunger
 Stone Arrow              Conj/Erth      #.....       65%         3    ###....
 Searing Ray              Conj           ##......     22%         2    None
 Iskenderun's Mystic Bla  Conj           ##......     38%         3    ###....
 Corona                   Hex            #......      95%         1    None
 Fulminant Prism          Conj/Hex       #.........   95%         4    ####...
 Ensorcelled Hibernation  Hex/Ice        #.....       98%         2    None
 Dazzling Orbs            Conj/Hex       #......      98%         3    ###....
 Confuse                  Hex            #.......     100%        3    ###....
 Tukima's Dance           Hex            #.......     100%        3    ###....
 Cause Fear               Hex            #.........   100%        4    ####...
 Irradiate                Conj/Tmut      #.........   100%        5    ######.


Dungeon Overview and Level Annotations

Branches:
Dungeon (10/12)            Temple (1/1) D:6            Lair (0/6) D:7
    Orc (1/1) D:10
    Elf: Orc:1

Altars:
Ashenzari
Cheibriados
Dithmenos
Elyvilon
Fedhas
Gozag
Hepliaklqana
Kikubaaqudgha
Lugonu
Makhleb
Nemelex Xobeh
Okawaru
Qazlal
Ru
Sif Muna
Trog
Uskayaw
Vehumet
Wu Jian
Xom
Yredelemnul
Zin
The Shining One

Shops:
D:6 (   Orc }

Annotations:
D:2 1 runed door
D:10 exclusion: orange crystal statue


Innate Abilities, Weirdness & Mutations

You have sharp fingernails.
You have hoof-like feet.
You have a pair of horns on your head.
A demonic guardian rushes to your aid.
You are mostly covered in sharp spines.


Message History

Unknown command.
Unknown command.
Unknown command.
Unknown command.
Okay, then.
Unknown command.
Unknown command.
You feel better.
The centaur shoots an arrow.
The arrow misses you.
The centaur shoots an arrow.
The arrow hits you.
* * * LOW HITPOINT WARNING * * *
Unknown command.
Unknown command.
Unknown command.
You feel better.
The orc warrior shoots a bolt.
The bolt misses you.
Unknown command.
Unknown command.
Unknown command.
The centaur shoots an arrow.
The arrow misses you.
The orc warrior shoots a bolt.
The bolt hits you!!
You die...

≈∩..........)o.........##
≈≈≈≈...........)..$.....#
≈≈≈......$.o...)).......
..........$o.o)))...#...
....#..$...ooo##).###
..............c...#
$................##
#.##.#.#..#.#...## #
###########@# ##.# ##


You could see an orc knight, 3 orc warriors, a centaur, an orc priest and an
orc.

Vanquished Creatures
  A two-headed ogre (D:9)
  A wolf spider zombie (D:10)
  A gargoyle (D:10)
  A tengu conjurer (D:9)
  2 trolls (D:10)
  3 meliai
  Grinder (D:3)
  3 hippogriffs
  A spriggan (D:10)
  A wraith (D:9)
  A wyvern (D:9)
  4 yaks
  A hungry ghost (D:7)
  A crocodile (D:9)
  2 soldier ants
  2 porcupines (D:7)
  2 slaves (D:9)
  2 sky beasts
  8 orc warriors
  3 ice beasts
  A black bear (D:7)
  4 ogres
  4 phantoms
  7 centaurs
  5 bullfrogs
  4 big kobolds
  A wyvern skeleton (D:9)
  7 scorpions
  5 wights (D:9)
  8 crimson imps
  A howler monkey (D:10)
  3 hounds
  3 centaur skeletons
  4 orc priests
  19 orc wizards
  2 bullfrog skeletons (D:6)
  4 iguanas
  Ijyb (D:3)
  9 worker ants
  A killer bee zombie (D:7)
  A hound skeleton (D:5)
  Robin (D:4)
  A howler monkey skeleton (D:3)
  6 adders
  2 shadow imps
  A white imp (D:6)
  An adder zombie (D:7)
  An adder skeleton (D:4)
  4 worms
  5 dart slugs
  8 leopard geckos
  26 orcs
  A ball python (D:3)
  4 bats
  4 giant cockroaches
  8 hobgoblins
  6 jackals
  2 quokkas
  7 frilled lizards
  14 goblins
  A jackal skeleton (D:4)
  25 kobolds
  8 rats
  A fungus (D:7)
272 creatures vanquished.

Vanquished Creatures (collateral kills)
  Pikel (D:9)
  3 ugly things (D:10)
  An efreet (D:10)
  A troll (D:10)
  A slime creature (D:9)
  Eustachio (D:6)
  A crocodile (D:10)
  6 orc warriors
  An ogre (Orc)
  2 centaurs
  A bullfrog (D:5)
  A scorpion (D:10)
  2 centaur zombies
  An orc wizard (D:7)
  An adder (D:10)
  7 orcs
  A goblin (D:4)
  A fungus (D:7)
33 creatures vanquished.

Vanquished Creatures (others)
  A slave (D:9)
  2 fungi (D:7)
3 creatures vanquished.

Grand Total: 308 creatures vanquished

Notes
Turn   | Place    | Note
-------+----------+-------------------------------------------
     0 | D:1      | Morbidden the Demonspawn Archaeologist began the quest for
                  | the Orb.
     0 | D:1      | Reached XP level 1. HP: 15/15 MP: 1/1
    89 | D:1      | Reached skill level 1 in Maces & Flails
   255 | D:1      | Gained mutation: You have a pair of small horns on your
                  | head. [demonic ancestry]
   255 | D:1      | Reached XP level 2. HP: 20/21 MP: 2/2
   788 | D:1      | Reached XP level 3. HP: 24/26 MP: 3/3
   966 | D:2      | Noticed an air elemental
   967 | D:2      | Found a stormy altar of Qazlal.
   970 | D:2      | Noticed a fire elemental
   970 | D:2      | Noticed an earth elemental
   970 | D:2      | Noticed a water elemental
  1197 | D:2      | Reached skill level 1 in Unarmed Combat
  1560 | D:2      | Found a runed door.
  2082 | D:3      | Noticed Ijyb
  2130 | D:3      | Killed Ijyb
  2131 | D:3      | Gained mutation: You have a pair of horns on your head.
                  | [demonic ancestry]
  2131 | D:3      | Reached XP level 4. HP: 27/33 MP: 4/4
  2639 | D:3      | Gained mutation: You have large cloven feet. [demonic
                  | ancestry]
  2639 | D:3      | Reached XP level 5. HP: 39/39 MP: 5/5
  2639 | D:3      | Identified a scroll of acquirement
  2763 | D:3      | Noticed Grinder
  2770 | D:3      | Killed Grinder
  2771 | D:3      | Gained mutation: A weak demonic guardian rushes to your
                  | aid. [demonic ancestry]
  2771 | D:3      | Reached XP level 6. HP: 15/47 MP: 6/6
  3162 | D:3      | Found a shimmering blue altar of Sif Muna.
  3497 | D:4      | Gained mutation: You are partially covered in sharp spines.
                  | [demonic ancestry]
  3497 | D:4      | Reached XP level 7. HP: 28/54 MP: 7/7
  3654 | D:4      | Identified the cursed +0 helmet of Wariness {MP+9}
  3654 | D:4      | Noticed Robin
  3671 | D:4      | Killed Robin
  3897 | D:4      | Noticed a yak
  3907 | D:4      | Killed a yak
  3930 | D:4      | Gained mutation: You have sharp fingernails. [demonic
                  | ancestry]
  3930 | D:4      | Reached XP level 8. HP: 61/61 MP: 8/8
  4395 | D:5      | Entered Level 5 of the Dungeon
  4411 | D:5      | Reached skill level 5 in Fighting
  5100 | D:6      | Reached skill level 5 in Slings
  5150 | D:6      | Found a staircase to the Ecumenical Temple.
  5161 | Temple   | Entered the Ecumenical Temple
  5478 | D:6      | Identified the +0 buckler of Omission {Int+4 Slay+2} (You
                  | acquired it on level 6 of the Dungeon)
  5507 | D:6      | Noticed a hippogriff
  5515 | D:6      | Killed a hippogriff
  5516 | D:6      | Reached skill level 5 in Dodging
  5516 | D:6      | Reached skill level 1 in Spellcasting
  5530 | D:6      | Noticed Eustachio
  5560 | D:6      | Killed Eustachio
  5684 | D:6      | Found Mosh's Weapon Boutique.
  5770 | D:6      | Gained mutation: You are mostly covered in sharp spines.
                  | [demonic ancestry]
  5770 | D:6      | Reached XP level 9. HP: 68/68 MP: 11/11
  5851 | D:6      | Found a faded altar of an unknown god.
  5851 | D:6      | Found a stormy altar of Qazlal.
  5858 | D:6      | Found a radiant altar of Vehumet.
  5879 | D:6      | Found a sacrificial altar of Ru.
  5881 | D:6      | Found an ornate altar of the Wu Jian Council.
  6048 | D:6      | Became a worshipper of Vehumet
  6392 | D:7      | Reached skill level 1 in Armour
  6433 | D:7      | Found a basalt altar of Yredelemnul.
  6664 | D:7      | Reached skill level 5 in Unarmed Combat
  6873 | D:7      | Found a staircase to the Lair.
  6901 | D:7      | HP: 3/69 [orc warrior/+0 trident (17)]
  7082 | D:7      | Reached * piety under Vehumet
  7082 | D:7      | Offered knowledge of Freeze by Vehumet.
  7426 | D:7      | Gained mutation: You have hoof-like feet. [demonic
                  | ancestry]
  7426 | D:7      | Reached XP level 10. HP: 29/77 MP: 14/14
  8584 | D:9      | Offered knowledge of Magic Dart by Vehumet.
  8587 | D:9      | Learned a level 1 spell: Magic Dart
  8608 | D:9      | Reached ** piety under Vehumet
  8807 | D:9      | Noticed Pikel
  9221 | D:9      | Killed Pikel
  9222 | D:9      | Reached skill level 1 in Conjurations
  9855 | D:10     | Entered Level 10 of the Dungeon
  9869 | D:10     | Noticed a two-headed ogre
  9888 | D:9      | Killed a two-headed ogre
  9889 | D:9      | Gained mutation: A demonic guardian rushes to your aid.
                  | [demonic ancestry]
  9889 | D:9      | Reached XP level 11. HP: 71/85 MP: 17/17
 10202 | D:10     | Found a staircase to the Orcish Mines.
 10229 | D:10     | Offered knowledge of Inner Flame by Vehumet.
 10491 | D:10     | Noticed an orange crystal statue
 10503 | D:10     | Noticed a two-headed ogre
 10659 | D:10     | Reached *** piety under Vehumet
 10726 | D:10     | Noticed a red ugly thing
 10732 | D:10     | Killed a red ugly thing
 10961 | D:10     | Reached skill level 1 in Throwing
 11065 | D:10     | Noticed a red ugly thing
 11069 | D:10     | Killed a red ugly thing
 11279 | D:10     | Offered knowledge of Stone Arrow by Vehumet.
 11287 | D:10     | Reached skill level 5 in Spellcasting
 11411 | D:10     | Noticed a cyan ugly thing
 11420 | D:10     | Killed a cyan ugly thing
 11820 | Orc      | Entered the Orcish Mines
 11820 | Orc      | Found Buutubril's Gadget Shoppe.
 12171 | Orc      | Noticed an orc knight
 12172 | Orc      | HP: 1/86 [orc warrior/bolt (7)]
 12175 | Orc      | Shot with a bolt by an orc warrior

Skill      XL: |  1  2  3  4  5  6  7  8  9 10 11 |
---------------+----------------------------------+-----
Maces & Flails | 1 |  1.0
Dodging        | 3 4 5 6 |  6.9
Unarmed Combat | 1 2 3 4 5 7 8 |  8.2
Fighting       | 2 3 4 5 6 7 8 |  8.1
Slings         | 2 3 4 5 7 8 |  8.2
Spellcasting   | 1 3 4 5 |  5.2
Armour         | 2 3 4 |  4.3
Conjurations   | 2 3 |  3.6
Throwing       | 1 |  1.4
Stealth        | |  3.7
Evocations     | |  0.1

Action                   |  1- 3 |  4- 6 |  7- 9 | 10-12 || total
-------------------------+-------+-------+-------+-------++-------
Melee: Whip              |    22 |       |       |       ||    22
       Unarmed           |   150 |     6 |   143 |   266 ||   565
       Headbutt          |    22 |     1 |    19 |    42 ||    84
       Punch             |       |       |     4 |     7 ||    11
       Kick              |       |       |    21 |    68 ||    89
 Fire: Blowgun           |    37 |       |       |    20 ||    57
       Hunting sling     |       |    75 |   255 |   106 ||   436
Throw: Tomahawk          |       |       |     5 |    28 ||    33
Evoke: Wand              |       |     1 |       |     1 ||     2
  Use: Scroll            |       |     2 |     8 |     6 ||    16
       Potion            |       |       |     2 |     3 ||     5
 Stab: Sleeping          |     5 |       |       |       ||     5
       Distracted        |       |       |     1 |       ||     1
  Eat: Chunk             |     7 |     5 |    25 |    21 ||    58
       Ration            |       |     1 |       |     1 ||     2
Armor: Robe              |    52 |     4 |    12 |       ||    68
       Chain mail        |       |       |    68 |    91 ||   159
Dodge: Dodged            |   115 |    13 |   119 |   196 ||   443
